 Dungeon Crawl Stone Soup version 0.27.1-34-g3ba077fa99 (webtiles) character file.

Game seed: 10350100589875024193

716 boopmooplesden the Cudgeller (level 7, -1/61 HPs)
             Began as a Minotaur Fighter on Jan 9, 2022.
             Succumbed to a water moccasin's poison
             ... on level 7 of the Dungeon.
             The game lasted 00:04:18 (3996 turns).

boopmooplesden the Cudgeller (Minotaur Fighter)     Turns: 3996, Time: 00:04:19

Health: -1/61      AC: 13    Str: 19 (22) XL:     7   Next: 41%
Magic:  6/6        EV:  6    Int:  4 (5)  God:
Gold:   144        SH:  9    Dex:  8 (10) Spells: 6/6 levels left

rFire    . . .     SeeInvis .   j - +0 morningstar
rCold    . . .     Faith    .   c - +0 kite shield
rNeg     . . .     Spirit   .   l - +0 chain mail
rPois    .         Reflect  .   (helmet restricted)
rElec    .         Harm     .   n - +0 cloak
rCorr    .         Rampage  .   q - +0 pair of gloves
Will     .....                  k - +0 pair of boots
Stlth    ..........             (no amulet)
HPRegen  0.20/turn              (no ring)
MPRegen  0.10/turn              (no ring)

@: lethally poisoned (-1 -> -12), flying
A: horns 2, retaliatory headbutt
a: no special abilities


You were on level 7 of the Dungeon.
You visited 1 branch of the dungeon, and saw 5 of its levels.

You collected 144 gold pieces.

Inventory:

Hand Weapons
 a - a +1 flail
 j - a +0 morningstar (weapon)
Armour
 b - a +0 scale mail
 c - a +0 kite shield (worn)
 k - a +0 pair of boots (worn)
 l - a +0 chain mail (worn)
 n - a +0 cloak (worn)
 q - a +0 pair of gloves (worn)
Jewellery
 e - a ring of flight
Wands
 v - a wand of iceblast (11)
Scrolls
 g - a scroll of teleportation
 o - a scroll of noise
Potions
 d - a potion of might
 f - 2 potions of degeneration
 m - a potion of flight
 r - a potion of ambrosia {unknown}


   Skills:
 + Level 5.4 Fighting
 + Level 6.1 Maces & Flails
 + Level 6.0 Armour
 + Level 1.9 Dodging
 + Level 0.6 Stealth
 + Level 5.4 Shields


You had 6 spell levels left.
You didn't know any spells.
Your spell library was empty.

Dungeon Overview and Level Annotations

Branches:
Dungeon (4/15)
 Temple: D:4-7

Altars:
Elyvilon
Fedhas
Kikubaaqudgha
Xom
Zin


Innate Abilities, Weirdness & Mutations

You have a pair of horns on your head.
You reflexively headbutt those who attack you in melee.


Message History

You are more poisoned.
The water moccasin poisons you!
You closely miss the water moccasin.
The water moccasin is heavily wounded.
You feel extremely sick. The water moccasin barely misses you.
You block the water moccasin's attack.
You closely miss the water moccasin.
The water moccasin is heavily wounded.
You feel very sick.
The water moccasin bites you but does no damage.
The water moccasin closely misses you.
You miss the water moccasin.
The water moccasin is heavily wounded.
You feel very sick.
The water moccasin bites you but does no damage.
The water moccasin bites you.
You are lethally poisoned!
The water moccasin poisons you!
You miss the water moccasin.
Your headbutt misses the water moccasin.
The water moccasin is heavily wounded.
* * * LOW HITPOINT WARNING * * *
You feel extremely sick.
You block the water moccasin's attack. x2
You hit the water moccasin.
The water moccasin is severely wounded.
* * * LOW HITPOINT WARNING * * *
You feel very sick. You block the water moccasin's attack.
The water moccasin bites you!
* * * LOW HITPOINT WARNING * * *
It was a potion of degeneration.
There was something very wrong with that liquid.
You feel weakened.
You feel dopey.
You feel clumsy.
* * * LOW HITPOINT WARNING * * *
You feel very sick. You block the water moccasin's attack.
It was a potion of flight.
You feel very buoyant.
You fly up into the air.
You die...

....#......###
.............#
..?..........##
..............#
..............#
....
..............#
.... ......S......#
..{ .......@....#
#.. ...........##
##... ...........#
##..#
...........#####..#
###......##..##...#
##########......##
##......##
#.......# ##..#####


You could see a water moccasin.

Vanquished Creatures
  Grinder (D:3)
  A wyvern skeleton (D:7)
  An orc priest (D:3)
  A hound (D:7)
  A gnoll shaman (D:7)
  An iguana (D:4)
  Natasha (thrice) (D:2)
  2 orc wizards
  Ijyb (D:3)
  3 gnolls (D:7)
  7 adders
  2 adder skeletons (D:4)
  5 dart slugs
  11 orcs
  4 ball pythons
  4 bats
  4 endoplasms
  9 goblins
  4 hobgoblins
  3 jackals (D:1)
  3 quokkas
  3 frilled lizards
  7 kobolds
  8 rats
89 creatures vanquished.

Vanquished Creatures (others)
  A human (D:4)
  A ball python (D:1)
  4 fungi (D:4)
6 creatures vanquished.

Grand Total: 95 creatures vanquished

Notes
Turn   | Place    | Note
-------+----------+-------------------------------------------
     0 | D:1      | boopmooplesden the Minotaur Fighter began the quest for the
                  | Orb.
     0 | D:1      | Reached XP level 1. HP: 19/19 MP: 0/0
   304 | D:1      | Reached XP level 2. HP: 26/27 MP: 1/1
   791 | D:1      | Reached XP level 3. HP: 33/33 MP: 2/2
  1115 | D:2      | Noticed Natasha
  1121 | D:2      | Killed Natasha
  1139 | D:2      | Noticed Natasha
  1146 | D:2      | Killed Natasha
  1147 | D:2      | Reached XP level 4. HP: 27/41 MP: 3/3
  1515 | D:2      | Reached skill level 1 in Dodging
  1622 | D:2      | Noticed Natasha
  1630 | D:2      | Killed Natasha
  1631 | D:2      | Reached XP level 5. HP: 36/47 MP: 4/4
  2020 | D:2      | Found a faded altar of an unknown god.
  2020 | D:2      | Noticed a tormentor
  2695 | D:3      | Reached skill level 5 in Armour
  2822 | D:3      | Found a shimmering altar of Xom.
  2852 | D:3      | Found a blossoming altar of Fedhas.
  2880 | D:3      | Noticed Grinder
  2890 | D:3      | Paralysed by Grinder for 2 turns
  2894 | D:3      | Killed Grinder
  2895 | D:3      | Reached skill level 5 in Maces & Flails
  2895 | D:3      | Reached skill level 5 in Shields
  2895 | D:3      | Reached XP level 6. HP: 34/55 MP: 5/5
  3022 | D:3      | Found a glowing silver altar of Zin.
  3092 | D:3      | Noticed Ijyb
  3098 | D:3      | Killed Ijyb
  3304 | D:4      | Found a white marble altar of Elyvilon.
  3342 | D:4      | Reached skill level 5 in Fighting
  3414 | D:4      | Reached XP level 7. HP: 39/61 MP: 6/6
  3528 | D:4      | Found an ancient bone altar of Kikubaaqudgha.
  3531 | D:4      | Noticed a human
  3532 | D:4      | Killed a human
  3793 | D:4      | You fall into a shaft and drop 3 floors!
  3994 | D:7      | HP: 3/61 [water moccasin (7)]
  3995 | D:7      | HP: 1/61 [poisoned by a water moccasin]
  3996 | D:7      | Succumbed to a water moccasin's poison

Illustrated notes

Levels and vault maps discovered:
D:1:      lightli_arrival_noodles, layout_basic,
          wander_ebering_terrifying_dragon_lair
D:2:      layout_basic, dreamdust_ecumenical_altar_sealed_demon, uniq_natasha
D:3:      layout_rooms, lemuel_crystal_altar,
          mainiacjoe_overflow_catch_the_wave, uniq_grinder, uniq_ijyb
D:4:      layout_loops_ring, lemuel_blue_sif_altar, tgw_kikubaaqudgha,
          mainiacjoe_overflow_chevrons
D:7:      layout_cave_pods, minmay_temple_entry_glass, uniq_menkaure,
          uniq_joseph

Skill      XL: |  1  2  3  4  5  6  7 |
---------------+----------------------+-----
Fighting       | 4 5 |  5.4
Armour         | 4 5 6 |  6.0
Shields        | 4 5 |  5.4
Maces & Flails | 3 4 5 6 |  6.1
Dodging        | 1 |  1.9
Stealth        | |  0.6

Action                   |  1- 3 |  4- 6 |  7- 9 || total
-------------------------+-------+-------+-------++-------
Melee: Flail             |    57 |       |       ||    57
       Headbutt          |    16 |    16 |    10 ||    42
       Morningstar       |    20 |   128 |    48 ||   196
  Use: Scroll            |       |     7 |     2 ||     9
       Potion            |       |       |     3 ||     3
Armor: Scale mail        |    47 |     4 |       ||    51
       Chain mail        |       |    78 |    15 ||    93
Dodge: Dodged            |    27 |    39 |    10 ||    76
Block: Kite shield       |    42 |    73 |    25 ||   140
